| TOP OF THE 1ST |
|
Nashville Sounds batting - Pitching for Round Rock Express : RHP Luis Herrera
|
|
Pitching: RHP Luis Herrera
|
|
|
Batting: RHB Jeff Garofalo
|
0-0: Ball 1-0: Ball 2-0: Called Strike 2-1: Ground out U3 (Groundball, 34, EV 90.0 MPH)
|
|
Batting: SHB Robert Santiago
|
0-0: Ball 1-0: Ground out 4-3 (Groundball, 4, EV 90.6 MPH)
|
|
Batting: RHB Tim Cordle
|
0-0: Called Strike 0-1: Ball 1-1: SINGLE (Groundball, 6D, EV 101.2 MPH)
|
|
Batting: RHB David Herrera
|
0-0: Ball 1-0: Foul Ball, location: 2F 1-1: Foul Ball, location: 2F 1-2: Strikes out looking
|
| Top of the 1st over - 0 runs, 1 hit, 0 errors, 1 left on base; Nashville 0 - Round Rock 0 |
| BOTTOM OF THE 1ST |
|
Round Rock Express batting - Pitching for Nashville Sounds : RHP Danny Nsoah
|
|
Pitching: RHP Danny Nsoah
|
|
|
Batting: LHB Jody Hudson
|
0-0: Ball 1-0: Ball 2-0: Called Strike 2-1: SINGLE (Groundball, 34S, EV 63.1 MPH) (infield hit)
|
|
Batting: RHB Adryão Anto
|
0-0: Ball 1-0: Ball 2-0: Ball 3-0: Base on Balls Jody Hudson to second
|
|
Batting: LHB Josh Stuck
|
0-0: Ball 1-0: SINGLE (Groundball, 25, EV 75.0 MPH) (infield hit) Jody Hudson to third Adryão Anto to second
|
|
Batting: RHB Mike Quackenbush
|
0-0: Ball 1-0: Fly out, F8 (Line Drive, 8LM, EV 107.5 MPH)
|
|
Batting: RHB Trevor Mock
|
0-0: Swinging Strike 0-1: Foul Ball, location: 2F 0-2: Strikes out swinging
|
|
Batting: RHB Martin Guerrero
|
0-0: Fielders Choice at 2nd, 5-4 (Groundball, 56, EV 90.6 MPH)
|
| Bottom of the 1st over - 0 runs, 2 hits, 0 errors, 3 left on base; Nashville 0 - Round Rock 0 |
| TOP OF THE 2ND |
|
Nashville Sounds batting - Pitching for Round Rock Express : RHP Luis Herrera
|
|
Batting: LHB Tomas Segarra
|
0-0: Ground out U3 (Groundball, 3, EV 86.9 MPH)
|
|
Batting: RHB Ryan Kinkead
|
0-0: Ball 1-0: Ball 2-0: Ball 3-0: Called Strike 3-1: DOUBLE (Line Drive, 78D, EV 106.9 MPH)
|
|
Batting: RHB Bill Cabrera
|
0-0: Called Strike 0-1: Ball 1-1: Ball 2-1: Ball 3-1: Base on Balls
|
|
Batting: LHB Zachary DeLuca
|
0-0: Swinging Strike 0-1: 3-RUN HOME RUN (Flyball, 89XD, EV 101.2 MPH), Distance : 401 ft
|
|
Batting: SHB Ryan Chicoine
|
0-0: Ball 1-0: Called Strike 1-1: Fly out, F8 (Flyball, 8RD, EV 105.6 MPH)
|
|
Batting: RHB Jeff Garofalo
|
0-0: Ball 1-0: Ball 2-0: Swinging Strike 2-1: Foul Ball, location: 2F 2-2: Foul Ball, location: 2F 2-2: Strikes out swinging
|
| Top of the 2nd over - 3 runs, 2 hits, 0 errors, 0 left on base; Nashville 3 - Round Rock 0 |
| BOTTOM OF THE 2ND |
|
Round Rock Express batting - Pitching for Nashville Sounds : RHP Danny Nsoah
|
|
Batting: RHB Jeremy Boerman
|
0-0: Ball 1-0: Ball 2-0: Ball 3-0: Base on Balls
|
|
Batting: RHB Carlos Lopez
|
0-0: Called Strike 0-1: Swinging Strike 0-2: Ball 1-2: Strikes out swinging
|
|
Batting: RHB Luis Arce
|
0-0: Called Strike 0-1: Foul Ball, location: 2F 0-2: Strikes out swinging
|
|
Batting: LHB Jody Hudson
|
0-0: SINGLE (Groundball, 56D, EV 101.2 MPH) Jeremy Boerman to second Runner from 2nd tries for 3rd, SAFE, no throw by LF
|
|
Batting: RHB Adryão Anto
|
0-0: 3-RUN HOME RUN (Flyball, 7D, EV 96.9 MPH), Distance : 358 ft
|
|
Batting: LHB Josh Stuck
|
0-0: Called Strike 0-1: Ball 1-1: Ball 2-1: Ball 3-1: Foul Ball, location: 2F 3-2: Base on Balls
|
|
Batting: RHB Mike Quackenbush
|
0-0: Ball 1-0: Swinging Strike 1-1: Ball 2-1: Foul Ball, location: 2F 2-2: Strikes out swinging
|
| Bottom of the 2nd over - 3 runs, 2 hits, 0 errors, 1 left on base; Nashville 3 - Round Rock 3 |
| TOP OF THE 3RD |
|
Nashville Sounds batting - Pitching for Round Rock Express : RHP Luis Herrera
|
|
Batting: SHB Robert Santiago
|
0-0: Ball 1-0: Foul Ball, location: 2F 1-1: Called Strike 1-2: Strikes out looking
|
|
Batting: RHB Tim Cordle
|
0-0: Ball 1-0: Ball 2-0: Ball 3-0: Called Strike 3-1: Called Strike 3-2: Strikes out swinging
|
|
Batting: RHB David Herrera
|
0-0: Called Strike 0-1: Ball 1-1: Called Strike 1-2: Foul Ball, location: 2F 1-2: Strikes out swinging
|
| Top of the 3rd over - 0 runs, 0 hits, 0 errors, 0 left on base; Nashville 3 - Round Rock 3 |
| BOTTOM OF THE 3RD |
|
Round Rock Express batting - Pitching for Nashville Sounds : RHP Danny Nsoah
|
|
Batting: RHB Trevor Mock
|
0-0: Fly out, F4 (Line Drive, 4M, EV 67.5 MPH)
|
|
Batting: RHB Martin Guerrero
|
0-0: Called Strike 0-1: Ball 1-1: Foul Ball, location: 2F 1-2: Ball 2-2: Ball 3-2: Base on Balls
|
|
Batting: RHB Jeremy Boerman
|
0-0: Ball Balk! Martin Guerrero to second 1-0: Ground out 4-3 (Groundball, 4, EV 105.6 MPH) Martin Guerrero to third
|
|
Batting: RHB Carlos Lopez
|
0-0: Called Strike 0-1: Ball 1-1: Ball 2-1: Foul Ball, location: 2F 2-2: Ground out U3 (Groundball, 3, EV 78.1 MPH)
|
| Bottom of the 3rd over - 0 runs, 0 hits, 0 errors, 1 left on base; Nashville 3 - Round Rock 3 |
| TOP OF THE 4TH |
|
Nashville Sounds batting - Pitching for Round Rock Express : RHP Luis Herrera
|
|
Batting: LHB Tomas Segarra
|
0-0: Called Strike 0-1: Swinging Strike 0-2: Ball 1-2: Ground out 4-3 (Groundball, 4, EV 108.1 MPH)
|
|
Batting: RHB Ryan Kinkead
|
0-0: Called Strike 0-1: Foul Ball, location: 2F 0-2: Ball 1-2: Ball 2-2: Ball 3-2: Ground out U3 (Groundball, 34S, EV 83.1 MPH)
|
|
Batting: RHB Bill Cabrera
|
0-0: Ball 1-0: SINGLE (Groundball, 15S, EV 69.4 MPH) (infield hit)
|
|
Batting: LHB Zachary DeLuca
|
0-0: Ball 1-0: Called Strike 1-1: SINGLE (Groundball, 6M, EV 84.4 MPH) (infield hit) Bill Cabrera to second
|
|
Batting: SHB Ryan Chicoine
|
0-0: Ball 1-0: Foul Ball, location: 2F 1-1: Swinging Strike 1-2: Ball 2-2: Foul Ball, location: 2F 2-2: Fly out, F3 (Popup, 3S, EV 71.9 MPH)
|
| Top of the 4th over - 0 runs, 2 hits, 0 errors, 2 left on base; Nashville 3 - Round Rock 3 |
| BOTTOM OF THE 4TH |
|
Round Rock Express batting - Pitching for Nashville Sounds : RHP Danny Nsoah
|
|
Batting: RHB Luis Arce
|
0-0: Ball 1-0: Ball 2-0: Fly out, F7 (Line Drive, 7S, EV 86.9 MPH)
|
|
Batting: LHB Jody Hudson
|
0-0: SOLO HOME RUN (Flyball, 7D, EV 101.9 MPH), Distance : 374 ft
|
|
Batting: RHB Adryão Anto
|
0-0: Foul Ball, location: 2F 0-1: Ground out 4-3 (Groundball, 4M, EV 103.8 MPH)
|
|
Batting: LHB Josh Stuck
|
0-0: Swinging Strike 0-1: SINGLE (Line Drive, 34, EV 100.0 MPH)
|
|
Batting: RHB Mike Quackenbush
|
0-0: Called Strike 0-1: Ball 1-1: Ball 2-1: Ball 3-1: Base on Balls Josh Stuck to second
|
|
Batting: RHB Trevor Mock
|
0-0: Called Strike 0-1: Foul Ball, location: 2F 0-2: Ball 1-2: SINGLE (Groundball, 56D, EV 109.4 MPH) Josh Stuck to third Mike Quackenbush to second Runner from 3rd tries for Home, SAFE, throw by LF to home
|
|
Pitching: RHP Ben Voorhees
|
|
|
Batting: RHB Martin Guerrero
|
0-0: Called Strike 0-1: Swinging Strike 0-2: Ball 1-2: Strikes out swinging
|
| Bottom of the 4th over - 2 runs, 3 hits, 0 errors, 2 left on base; Nashville 3 - Round Rock 5 |
| TOP OF THE 5TH |
|
Nashville Sounds batting - Pitching for Round Rock Express : RHP Luis Herrera
|
|
Batting: RHB Jeff Garofalo
|
0-0: Ball 1-0: Ball 2-0: Ball 3-0: Foul Ball, location: 2F 3-1: Called Strike 3-2: Strikes out swinging
|
|
Batting: SHB Robert Santiago
|
0-0: Swinging Strike 0-1: Ball 1-1: Foul Ball, location: 2F 1-2: Ground out U3 (Groundball, 34, EV 88.1 MPH)
|
|
Batting: RHB Tim Cordle
|
0-0: Ball 1-0: Called Strike 1-1: Foul Ball, location: 2F 1-2: Strikes out swinging
|
| Top of the 5th over - 0 runs, 0 hits, 0 errors, 0 left on base; Nashville 3 - Round Rock 5 |
| BOTTOM OF THE 5TH |
|
Round Rock Express batting - Pitching for Nashville Sounds : RHP Ben Voorhees
|
|
Batting: RHB Jeremy Boerman
|
0-0: SINGLE (Line Drive, 3D, EV 95.6 MPH)
|
|
Batting: RHB Carlos Lopez
|
0-0: Called Strike Jeremy Boerman is caught stealing 2nd base 2-4 0-1: Ball 1-1: Ball 2-1: Foul Ball, location: 2F 2-2: Foul Ball, location: 2F 2-2: Foul Ball, location: 2F 2-2: Ball 3-2: Strikes out swinging
|
|
Batting: RHB Luis Arce
|
0-0: Ball 1-0: Swinging Strike 1-1: Foul Ball, location: 2F 1-2: Fly out, F8 (Flyball, 89M, EV 74.4 MPH)
|
| Bottom of the 5th over - 0 runs, 1 hit, 0 errors, 0 left on base; Nashville 3 - Round Rock 5 |
| TOP OF THE 6TH |
|
Nashville Sounds batting - Pitching for Round Rock Express : RHP Luis Herrera
|
|
Batting: RHB David Herrera
|
0-0: Ball 1-0: Foul Ball, location: 2F 1-1: Foul Ball, location: 2F 1-2: Ball 2-2: Foul Ball, location: 2F 2-2: Ground out 5-3 (Groundball, 56S, EV 73.8 MPH)
|
|
Pitching: LHP John McRight
|
|
|
Batting: LHB Tomas Segarra
|
0-0: Ball 1-0: Ball 2-0: Called Strike 2-1: Ball 3-1: Foul Ball, location: 2F 3-2: Strikes out swinging
|
|
Batting: RHB Ryan Kinkead
|
0-0: Called Strike 0-1: Called Strike 0-2: Ball 1-2: Foul Ball, location: 2F 1-2: Strikes out swinging
|
| Top of the 6th over - 0 runs, 0 hits, 0 errors, 0 left on base; Nashville 3 - Round Rock 5 |
| BOTTOM OF THE 6TH |
|
Round Rock Express batting - Pitching for Nashville Sounds : RHP Ben Voorhees
|
|
Batting: LHB Jody Hudson
|
0-0: Called Strike 0-1: Ball 1-1: Called Strike 1-2: Fly out, F8 (Flyball, 8RM, EV 86.9 MPH)
|
|
Batting: RHB Adryão Anto
|
0-0: Swinging Strike 0-1: Ball 1-1: Foul Ball, location: 2F 1-2: Ball 2-2: Ground out 6-3 (Groundball, 6, EV 83.8 MPH)
|
|
Batting: LHB Josh Stuck
|
0-0: Swinging Strike 0-1: Ball 1-1: Ground out 6-3 (Groundball, 6M, EV 105.6 MPH)
|
| Bottom of the 6th over - 0 runs, 0 hits, 0 errors, 0 left on base; Nashville 3 - Round Rock 5 |
| TOP OF THE 7TH |
|
Nashville Sounds batting - Pitching for Round Rock Express : LHP John McRight
|
|
Batting: RHB Bill Cabrera
|
0-0: Called Strike 0-1: Ball 1-1: Ground out 6-3 (Groundball, 6, EV 85.0 MPH)
|
|
Batting: LHB Zachary DeLuca
|
0-0: Called Strike 0-1: Called Strike 0-2: Strikes out swinging
|
|
Batting: SHB Ryan Chicoine
|
0-0: Called Strike 0-1: Ball 1-1: Ground out 6-3 (Groundball, 56, EV 85.6 MPH)
|
| Top of the 7th over - 0 runs, 0 hits, 0 errors, 0 left on base; Nashville 3 - Round Rock 5 |
| BOTTOM OF THE 7TH |
|
Round Rock Express batting - Pitching for Nashville Sounds : RHP Ben Voorhees
|
|
Pitching: RHP Márcio Travanca
|
|
|
Batting: RHB Mike Quackenbush
|
0-0: Foul Ball, location: 2F 0-1: SINGLE (Groundball, 4MD, EV 95.0 MPH)
|
|
Batting: RHB Trevor Mock
|
0-0: Called Strike 0-1: Foul Ball, location: 2F 0-2: Ball 1-2: Strikes out swinging
|
|
Batting: RHB Martin Guerrero
|
0-0: Ball 1-0: Called Strike Mike Quackenbush is caught stealing 2nd base 2-4 1-1: Ground out 6-3 (Groundball, 6, EV 103.1 MPH)
|
| Bottom of the 7th over - 0 runs, 1 hit, 0 errors, 0 left on base; Nashville 3 - Round Rock 5 |
| TOP OF THE 8TH |
|
Nashville Sounds batting - Pitching for Round Rock Express : LHP John McRight
|
|
Batting: RHB Jeff Garofalo
|
0-0: Ball 1-0: Ball 2-0: Called Strike 2-1: Ball 3-1: SINGLE (Groundball, 34D, EV 99.4 MPH)
|
|
Batting: SHB Robert Santiago
|
0-0: Ball 1-0: Swinging Strike 1-1: Foul Ball, location: 2F 1-2: Strikes out looking
|
|
Batting: RHB Tim Cordle
|
0-0: Ball 1-0: Fielders Choice at 2nd, 6-4 (Groundball, 6, EV 101.2 MPH)
|
|
Batting: RHB David Herrera
|
0-0: Ball 1-0: Fly out, F9 (Line Drive, 9, EV 85.0 MPH)
|
| Top of the 8th over - 0 runs, 1 hit, 0 errors, 1 left on base; Nashville 3 - Round Rock 5 |
| BOTTOM OF THE 8TH |
|
Round Rock Express batting - Pitching for Nashville Sounds : RHP Márcio Travanca
|
|
Batting: RHB Jeremy Boerman
|
0-0: Called Strike 0-1: Swinging Strike 0-2: Ball 1-2: Foul Ball, location: 2F 1-2: Ball 2-2: Fly out, F7 (Flyball, 7LSF, EV 85.0 MPH)
|
|
Batting: RHB Carlos Lopez
|
0-0: Foul Ball, location: 2F 0-1: Fly out, F9 (Line Drive, 9LM, EV 94.4 MPH)
|
|
Batting: RHB Luis Arce
|
0-0: Ball 1-0: SINGLE (Groundball, 56D, EV 94.4 MPH)
|
|
Batting: LHB Jody Hudson
|
0-0: Ball 1-0: Called Strike 1-1: Fielders Choice at 2nd, 6-4 (Groundball, 6, EV 103.1 MPH)
|
| Bottom of the 8th over - 0 runs, 1 hit, 0 errors, 1 left on base; Nashville 3 - Round Rock 5 |
| TOP OF THE 9TH |
|
Nashville Sounds batting - Pitching for Round Rock Express : LHP John McRight
|
|
Pitching: RHP Mike Webb
|
|
|
Batting: LHB Tomas Segarra
|
0-0: Called Strike 0-1: Ball 1-1: Foul Ball, location: 2F 1-2: Strikes out swinging
|
|
Batting: RHB Ryan Kinkead
|
0-0: Ball 1-0: Called Strike 1-1: Foul Ball, location: 2F 1-2: Ground out 6-3 (Groundball, 6, EV 81.9 MPH)
|
|
Batting: RHB Bill Cabrera
|
0-0: Ball 1-0: Ball 2-0: Ground out 5-3 (Groundball, 5, EV 79.4 MPH)
|
| Top of the 9th over - 0 runs, 0 hits, 0 errors, 0 left on base; Nashville 3 - Round Rock 5 |
|